[Event "*** Titled Tuesday Blitz"]
[Site "Chess.com"]
[Date "2020.01.07"]
[Round "4"]
[White "cukus"]
[Black "CzechmVIII"]
[Result "1/2-1/2"]
[WhiteElo "2449"]
[BlackElo "2171"]
[TimeControl "180+2"]
[EndTime "14:00:29 PST"]
[Termination "Game drawn - insufficient material"]

1. e4 c5 2. Nf3 d6 3. d4 cxd4 4. Nxd4 Nf6 5. Nc3 g6 6. Be3 Bg7 7. f3 O-O 8. Qd2 Nc6 9. Bc4 Bd7 10. O-O-O Rc8 11. Bb3 Ne5 12. Kb1 Nc4 13. Bxc4 Rxc4 14. g4 b5 15. h4 h5 16. g5 Nh7 17. Nde2 b4 18. Nd5 e6 19. Ndf4 Rc6 20. Nd3 a5 21. Bd4 Qb8 22. Bxg7 Kxg7 23. Nd4 Rb6 24. f4 e5 25. Nf3 Bg4 26. Rhf1 exf4 27. Nxf4 Re8 28. Nd5 Rc6 29. Qd4+ Kg8 30. Rd3 Qc8 31. Rd2 Rc4 32. Nf6+ Nxf6 33. Qxf6 Qe6 34. Rxd6 Qxf6 35. Rxf6 Rcxe4 36. b3 Bxf3 37. R1xf3 R8e7 38. R3f4 Rxf4 39. Rxf4 Re2 40.
a3 bxa3 41. Ra4 a2+ 42. Rxa2 Re4 43. Rxa5 Rxh4 44. Kb2 Re4 45. Ra1 f6 46. gxf6 Kf7 47. c4 g5 48. Kc3 h4 49. b4 g4 50. b5 g3 51. b6 g2 52. b7 Re3+ 53. Kb4 Re2 54. Kb3 Re3+ 55. Ka4 Rf3 56. b8=Q Rf1 57. Qc7+ Kxf6 58. Qc5 Rxa1+ 59. Kb5 g1=Q 60. Qf8+ Kg6 61. Qg8+ Kf5 62. Qd5+ Kf4 63. Qf7+ Kg3 64. Qg6+ Kh3 65. Qe6+ Qg4 66. Qe3+ Qg3 67. Qe6+ Qg4 68. Qe3+ Kh2 69. Qf2+ Qg2 70. Qxh4+ Kg1 71. Qd4+ Qf2 72. Qxa1+ Kg2 73. Qg7+ Kf1 74. Qc3 Qf7 75. Qd3+ Kg1 76. Qd4+ Kf1 77. Qd5 Qa7 78. c5 Qb8+ 79. Ka6 Qc8+ 80. Kb6 Qb8+ 81. Qb7 Qd8+ 82. Qc7 Qa8 83. c6 Qa4 84. Qf7+ Kg1 85. Qg6+ Kf2 86. Qf5+ Kg1 87. Qc5+ Kh1 88. c7 Qb3+ 89. Kc6 Qa4+ 90. Kd6 Qf4+ 91. Kd7 Qg4+ 92. Kc6 Qc8 93. Qd5+ Kg1 94. Qd8 Qa6+ 95. Kd7 Qa4+ 96. Ke7 Qe4+ 97. Kf7 Qf5+ 98. Qf6 Qd5+ 99. Qe6 Qf3+ 100. Ke8 Qc6+ 101. Kd8 Qxe6 102. c8=Q Qxc8+ 103. Kxc8 1/2-1/2

[Event "*** Titled Tuesday Blitz"]
[Site "Chess.com"]
[Date "2020.01.07"]
[Round "5"]
[White "esteban062000"]
[Black "aa175"]
[Result "1-0"]
[WhiteElo "2096"]
[BlackElo "2208"]
[TimeControl "180+2"]
[EndTime "14:03:49 PST"]
[Termination "esteban062000 won by resignation"]

1. Nf3 Nf6 2. c4 g6 3. b4 Bg7 4. Bb2 O-O 5. g3 d5 6. cxd5 Nxd5 7. Bxg7 Kxg7 8. a3 a5 9. b5 c6 10. a4 Bf5 11. Bg2 Nb4 12. d3 cxb5 13. axb5 Qc7 14. O-O Nd7 15. Nbd2 Qb6 16. Nc4 Qxb5 17. Nd4 Qc5 18. Nb3 Qe5 19. Nxe5 Nxe5 20. Rxa5 Rxa5 21. Nxa5 b6 22. Nc4 Nd7 23. Qa1+ f6 24. Qa3 1-0

[Event "*** Titled Tuesday Blitz"]
[Site "Chess.com"]
[Date "2020.01.07"]
[Round "5"]
[White "vova-79"]
[Black "Ray_Yang"]
[Result "1-0"]
[WhiteElo "2541"]
[BlackElo "2277"]
[TimeControl "180+2"]
[EndTime "14:04:06 PST"]
[Termination "vova-79 won by resignation"]

1. d4 d5 2. c4 c6 3. Nc3 Nf6 4. cxd5 cxd5 5. f3 Nc6 6. e4 dxe4 7. d5 Nb8 8. fxe4 g6 9. e5 Nfd7 10. e6 fxe6 11. dxe6 Nb6 12. Bb5+ Nc6 13. Qxd8+ Kxd8 14. Nf3 Bxe6 15. Bf4 Bg7 16. O-O-O+ Ke8 17. Rhe1 Kf7 18. Ng5+ Kg8 19. Nxe6 Bxc3 20. bxc3 Kf7 21. Ng5+ 1-0

[Event "*** Titled Tuesday Blitz"]
[Site "Chess.com"]
[Date "2020.01.07"]
[Round "5"]
[White "Bagirova"]
[Black "VeraNebolsina"]
[Result "0-1"]
[WhiteElo "2120"]
[BlackElo "2355"]
[TimeControl "180+2"]
[EndTime "14:04:08 PST"]
[Termination "VeraNebolsina won by resignation"]

1. e4 g6 2. d4 Bg7 3. Nc3 d6 4. Nf3 a6 5. h3 b5 6. a3 Bb7 7.
Be2 Nd7 8. O-O e5 9. Be3 Ngf6 10. dxe5 dxe5 11. Nd2 O-O 12. f4 exf4 13. Bxf4 Qe7 14. Bg5 Qc5+ 15. Kh1 Qxg5 16. Nf3 Qc5 17. Bd3 Nh5 18. Ne2 Ne5 0-1

[Event "*** Titled Tuesday Blitz"]
[Site "Chess.com"]
[Date "2020.01.07"]
[Round "5"]
[White "cukus"]
[Black "tteshan"]
[Result "1-0"]
[WhiteElo "2456"]
[BlackElo "2284"]
[TimeControl "180+2"]
[EndTime "14:04:13 PST"]
[Termination "cukus won by resignation"]

1. e4 e6 2. d3 d5 3. Nd2 c5 4. Ngf3 Nc6 5. g3 dxe4 6. dxe4 Bd6 7. Bg2 Nge7 8. O-O O-O 9. c3 b6 10. Nc4 Bc7 11. Qe2 Bb7 12. Rd1 Qb8 13.
Bg5 f6 14. Be3 Ng6 15. Rd7 Rd8 16. Rad1 Rxd7 17. Rxd7 Nge5 18. Nfxe5 Nxe5 19. Nxe5 Bxe5 20. Qg4 g6 21. Qxe6+ Kh8 22. Qf7 Qg8 23. Qxg8+ Kxg8 24. Rxb7 Rd8 25. Bf3 1-0

[Event "*** Titled Tuesday Blitz"]
[Site "Chess.com"]
[Date "2020.01.07"]
[Round "5"]
[White "PaulfromSPb"]
[Black "Vegan4future"]
[Result "0-1"]
[WhiteElo "2635"]
[BlackElo "2437"]
[TimeControl "180+2"]
[EndTime "14:04:20 PST"]
[Termination "Vegan4future won by resignation"]

1. d4 Nf6 2. Bf4 g6 3. Nd2 d5 4.
e3 Bg7 5. h3 O-O 6. Ngf3 c5 7. c3 b6 8. Ne5 Bb7 9. Bd3 Nbd7 10.
O-O Ne4 11. Nxd7 Qxd7 12. Bxe4 dxe4 13. Qc2 cxd4 14. cxd4 Rac8 15. Qb3 Bd5 16. Qa3 Rc2 17. Nb3 Rfc8 18. Be5 Bf8 19. Rab1 f6 20. Bg3 e5 21.
Qa6 Bc4 22. Nc5 bxc5 23. Qxf6 Bxf1 24. Rxf1 Bg7 25. Qa6 exd4 26. Qa4 Qxa4 0-1

[Event "*** Titled Tuesday Blitz"]
[Site "Chess.com"]
[Date "2020.01.07"]
[Round "5"]
[White "TST2014"]
[Black "joejan"]
[Result "1-0"]
[WhiteElo "2512"]
[BlackElo "2149"]
[TimeControl "180+2"]
[EndTime "14:04:21 PST"]
[Termination "TST2014 won by resignation"]

1. d4 Nf6 2. c4 e6 3. Nf3 d5 4.
Nc3 Be7 5. Bf4 O-O 6. e3 c5 7. dxc5 Bxc5 8. Qc2 Nc6 9. a3 a5 10. Rd1 Qb6 11. cxd5 exd5 12. Nxd5 Nxd5 13. Rxd5 Be7 14.
Bd3 h6 15. O-O Be6 16. Rb5 Qa7 17. Rh5 Rac8 18. Qa4 Rfd8 19. Qe4 g6 20. Rxh6 Bd5 21. Rxg6+ Kf8 22. Bh6+ Ke8 23. Rg8+ 1-0

[Event "*** Titled Tuesday Blitz"]
[Site "Chess.com"]
[Date "2020.01.07"]
[Round "5"]
[White "Mr_Sinigami"]
[Black "WelshTiger"]
[Result "1-0"]
[WhiteElo "2581"]
[BlackElo "2378"]
[TimeControl "180+2"]
[EndTime "14:04:24 PST"]
[Termination "Mr_Sinigami won by resignation"]

1. d4 Nf6 2. Nf3 g6 3. Bf4 Bg7 4. e3 O-O 5. h3 d6 6. Be2 Nc6 7. O-O Nd7 8. c4 e5 9. Bg3 exd4 10. exd4 Qf6 11. Bh4 Qf5 12. Nc3 Nd8 13. Nd5 Kh8 14.
g4 Qe4 15. Bd3 1-0

[Event "*** Titled Tuesday Blitz"]
[Site "Chess.com"]
[Date "2020.01.07"]
[Round "5"]
[White "MiroVlasenko"]
[Black "BasilSmash"]
[Result "0-1"]
[WhiteElo "2683"]
[BlackElo "2449"]
[TimeControl "180+2"]
[EndTime "14:04:34 PST"]
[Termination "BasilSmash won by resignation"]

1. d4 d5 2. Bf4 c5 3. e4 dxe4 4. d5 Nf6 5. Nc3 g6 6. f3 exf3 7. Nxf3 Bg7 8. Qd2 O-O 9. Bh6 a6 10. Bxg7 Kxg7 11. h4 Bg4 12. O-O-O b5 13. Qf4 Nbd7 14.
Be2 h5 15. d6 exd6 16. Rxd6 Qe7 17. Rhd1 b4 18. Ng5 bxc3 19. Bxg4 cxb2+ 20. Kb1 hxg4 21. h5 Qe5 22. h6+ Kg8 23. h7+ Nxh7 0-1

[Event "*** Titled Tuesday Blitz"]
[Site "Chess.com"]
[Date "2020.01.07"]
[Round "5"]
[White "garfield_pg"]
[Black "2165149677570"]
[Result "0-1"]
[WhiteElo "2315"]
[BlackElo "2283"]
[TimeControl "180+2"]
[EndTime "14:04:36 PST"]
[Termination "2165149677570 won by resignation"]

1. e4 g6 2. d4 Nf6 3. Nc3 d5 4.
e5 Ne4 5. Nxe4 dxe4 6. c3 Bg7 7.
Qe2 Qd5 8. g3 c5 9. Be3 cxd4 10.
cxd4 Nc6 11. Rd1 h5 12. Bg2 h4 13. Nh3 Qa5+ 14. Kf1 Qxa2 15. Bxe4 Bxh3+ 16. Bg2 Bxg2+ 17. Kxg2 h3+ 0-1

[Event "*** Titled Tuesday Blitz"]
[Site "Chess.com"]
[Date "2020.01.07"]
[Round "5"]
[White "DonPreuss"]
[Black "AleksanderHnydiuk"]
[Result "0-1"]
[WhiteElo "2149"]
[BlackElo "2438"]
[TimeControl "180+2"]
[EndTime "14:04:41 PST"]
[Termination "AleksanderHnydiuk won by resignation"]

1. d4 Nf6 2. Nc3 d5 3. e4 dxe4 4. f3 exf3 5. Nxf3 c6 6. Bc4 Bf5 7. O-O e6 8. Ne5 Bg6 9. g4 Nbd7 10. Nxg6 hxg6 11. Qf3 Nb6 12. d5 Nxc4 13. dxe6 Qd4+ 14.
Kh1 O-O-O 15. exf7 Qxg4 16. Qxg4+ Nxg4 17. Bg5 Rxh2+ 18. Kg1 Bc5+ 0-1

[Event "*** Titled Tuesday Blitz"]
[Site "Chess.com"]
[Date "2020.01.07"]
[Round "5"]
[White "PawnEatingZombie"]
[Black "Playgood28"]
[Result "1/2-1/2"]
[WhiteElo "2292"]
[BlackElo "2285"]
[TimeControl "180+2"]
[EndTime "14:04:42 PST"]
[Termination "Game drawn by agreement"]

1. d4 f5 2. Nc3 d5 3. Bf4 c6 4. e3 Nf6 5. Nf3 e6 6. Bd3 Be7 7. O-O O-O 8. Ne2 Bd7 9. c4 Be8 10. Ne5 Bh5 11. f3 Nbd7 12. Qc2 Nxe5 13. Bxe5 Bd6 14. cxd5 Nxd5 15. Bxd6 Qxd6 16. Qd2 e5 17. Bc4 Bf7 18. Rfd1 Rad8 1/2-1/2

[Event "*** Titled Tuesday Blitz"]
[Site "Chess.com"]
[Date "2020.01.07"]
[Round "5"]
[White "albi1999"]
[Black "13MiRacLe"]
[Result "0-1"]
[WhiteElo "2534"]
[BlackElo "2706"]
[TimeControl "180+2"]
[EndTime "14:05:08 PST"]
[Termination "13MiRacLe won by resignation"]

1. d4 Nf6 2. c4 g6 3. g3 d5 4. cxd5 Nxd5 5. Bg2 Bg7 6. e4 Nb6 7. Ne2 O-O 8. O-O Na6 9. Nbc3 c5 10. d5 e6 11. a4 exd5 12. exd5 Re8 13. Bf4 Nc4 14.
b3 Nd6 15. h3 Nb4 16. Qd2 Bf5 17. g4 Ne4 18. Nxe4 Bxe4 19. Bxe4 Bxa1 20. Rxa1 Rxe4 21. Nc3 Rd4 22. Qe2 Rxf4 0-1

[Event "*** Titled Tuesday Blitz"]
[Site "Chess.com"]
[Date "2020.01.07"]
[Round "5"]
[White "Konavets"]
[Black "JonahWillow"]
[Result "1-0"]
[WhiteElo "2978"]
[BlackElo "2798"]
[TimeControl "180+2"]
[EndTime "14:05:15 PST"]
[Termination "Konavets won by resignation"]

1. c4 c5 2. Nf3 Nc6 3. Nc3 g6 4. e3 Nf6 5. d4 cxd4 6. exd4 d5 7.
cxd5 Nxd5 8. Bc4 Nb6 9. Bb3 Bg7 10. O-O O-O 11. d5 Na5 12. Bc2 Bg4 13. h3 Bxf3 14.
Qxf3 Rc8 15. Rd1 Nac4 16. Bb3 Qd7 17. Rb1 Rfd8 18. Bg5 Nxb2 19. d6 exd6 20. Ne4 Nxd1 21. Nf6+ Bxf6 22. Qxf6 Qe8 23. Rxd1 d5 24. Bh6 Qf8 25.
Bxf8 Kxf8 26. Qh8+ Ke7 27. Re1+ Kd7 28. Qf6 1-0

[Event "*** Titled Tuesday Blitz"]
[Site "Chess.com"]
[Date "2020.01.07"]
[Round "5"]
[White "VFernandezB"]
[Black "brendan174"]
[Result "0-1"]
[WhiteElo "2222"]
[BlackElo "2109"]
[TimeControl "180+2"]
[EndTime "14:05:18 PST"]
[Termination "brendan174 won by checkmate"]

1. e4 e5 2. Nf3 Nc6 3. Bc4 Bc5 4. b4 Bxb4 5. c3 Ba5 6. d4 exd4 7. O-O Nf6 8. e5 d5 9. exf6 dxc4 10. fxg7 Rg8 11. Re1+ Be6 12. Ng5 Qf6 13. Nxe6 fxe6 14. Qh5+ Kd7 15.
Bg5 Qxg7 16. h4 h6 17. Na3 hxg5 18. hxg5 Bxc3 19. Nxc4 Bxa1 20. Rxa1 Raf8 21. g3 Qxg5 22. Qe2 Rh8 23. Re1 Qh6 24. f4 Qh1+ 25. Kf2 Rh2# 0-1

[Event "*** Titled Tuesday Blitz"]
[Site "Chess.com"]
[Date "2020.01.07"]
[Round "5"]
[White "Colombiano07"]
[Black "Korona_91"]
[Result "1-0"]
[WhiteElo "2181"]
[BlackElo "2325"]
[TimeControl "180+2"]
[EndTime "14:05:19 PST"]
[Termination "Colombiano07 won by resignation"]

1. d4 g6 2. e4 Bg7 3. Nf3 d6 4. Nc3 c6 5. Be3 Nf6 6. h3 O-O 7. Qd2 b5 8. Bd3 a6 9. Bh6 Nbd7 10. Bxg7 Kxg7 11. e5 Nd5 12. Ne4 dxe5 13. dxe5 Qc7 14. e6 fxe6 15. Nfg5 Ne5 16. Nc5 Rf6 17. O-O-O Nxd3+ 18. Nxd3 c5 19. Rhe1 c4 20. Ne5 c3 21. Qd4 cxb2+ 22.
Kxb2 b4 23. Rd3 a5 24. Ng4 Ba6 25. Nxe6+ Kf7 26. Nxc7 Nxc7 27. Nxf6 Bxd3 1-0

[Event "*** Titled Tuesday Blitz"]
[Site "Chess.com"]
[Date "2020.01.07"]
[Round "5"]
[White "TypeThreeWaffles"]
[Black "kasparicy"]
[Result "0-1"]
[WhiteElo "2463"]
[BlackElo "2323"]
[TimeControl "180+2"]
[EndTime "14:05:39 PST"]
[Termination "kasparicy won by resignation"]

1. e4 c5 2. Nf3 d6 3. d4 cxd4 4. Nxd4 Nf6 5. Nc3 a6 6. Bc4 e6 7. Bb3 Nbd7 8. f4 Nc5 9. f5 Be7 10. Qf3 O-O 11. Be3 Kh8 12. g4 b5 13. Nc6 Qc7 14.
Nxe7 Qxe7 15. e5 Bb7 16. exf6 Qxf6 17. Qf1 Bxh1 18. Qxh1 b4 19. Ne4 Qxb2 20. Rd1 Qe5 21. Bxc5 dxc5 22. fxe6 fxe6 23. Kd2 Rad8+ 24. Ke2 Rxd1 0-1

[Event "*** Titled Tuesday Blitz"]
[Site "Chess.com"]
[Date "2020.01.07"]
[Round "5"]
[White "shanemelaughcm"]
[Black "arminmusovic"]
[Result "0-1"]
[WhiteElo "2279"]
[BlackElo "2508"]
[TimeControl "180+2"]
[EndTime "14:05:49 PST"]
[Termination "arminmusovic won by resignation"]

1. c4 e5 2. Nc3 Nf6 3. Nf3 e4 4. Ng5 b5 5. cxb5 d5 6. d4 h6 7. Nh3 Bxh3 8. gxh3 Bd6 9. e3 O-O 10.
Qb3 c6 11. bxc6 Nxc6 12. Bd2 Rb8 13. Qa4 Nb4 14. a3 Nd3+ 15. Bxd3 exd3 16. O-O-O Ne4 17. Nxe4 dxe4 18. Bc3 Qh4 19. Rd2 Rfc8 20. d5 Be5 21. Rxd3 Qxf2 22. Qxe4 Qxb2+ 23. Kd1 Bxc3 24. d6 Qb1+ 25.
Ke2 Rb2+ 26. Kf3 Qxh1+ 27. Kf4 Rf2+ 0-1

[Event "*** Titled Tuesday Blitz"]
[Site "Chess.com"]
[Date "2020.01.07"]
[Round "5"]
[White "CM_Perligero"]
[Black "ExcitingTrap"]
[Result "1-0"]
[WhiteElo "2101"]
[BlackElo "2301"]
[TimeControl "180+2"]
[EndTime "14:06:00 PST"]
[Termination "CM_Perligero won by resignation"]

1. e4 e6 2. Nc3 d5 3. exd5 exd5 4. Nf3 Nf6 5. d3 Be7 6. g3 O-O 7. Bg2 c5 8. O-O Nc6 9. Bg5 h6 10. Bf4 Be6 11. Re1 Qd7 12. Ne5 Nxe5 13. Bxe5 Bh3 14. Bxf6 Bxf6 15. Nxd5 Bxb2 16. Re7 Qc8 17. Rb1 Bxg2 18.
Kxg2 Qc6 19. c4 Bd4 20. Rbxb7 Rab8 21. Rxb8 Rxb8 22. Qf3 f6 23. Rxa7 Rb2 24. Ne7+ Kf8 25. Nxc6 Rxf2+ 26. Qxf2 Bxf2 27. Kxf2 1-0

[Event "*** Titled Tuesday Blitz"]
[Site "Chess.com"]
[Date "2020.01.07"]
[Round "5"]
[White "quesfr"]
[Black "Caracternin123"]
[Result "0-1"]
[WhiteElo "2210"]
[BlackElo "2522"]
[TimeControl "180+2"]
[EndTime "14:06:15 PST"]
[Termination "Caracternin123 won by resignation"]

1. e4 Nf6 2. Nc3 d5 3. e5 d4 4. exf6 dxc3 5. fxg7 cxd2+ 6. Bxd2 Bxg7 7. Qh5 Nc6 8.
O-O-O Qd4 9. Bc3 Qf4+ 10. Bd2 Qa4 11. Kb1 Bg4 12. Qh4 Qd4 0-1

[Event "*** Titled Tuesday Blitz"]
[Site "Chess.com"]
[Date "2020.01.07"]
[Round "5"]
[White "Orest_Vovk"]
[Black "Sven_Tica"]
[Result "0-1"]
[WhiteElo "2432"]
[BlackElo "2665"]
[TimeControl "180+2"]
[EndTime "14:06:19 PST"]
[Termination "Sven_Tica won by resignation"]

1. g4 d5 2. Bg2 Bxg4 3. c4 Nf6 4. Qb3 Bc8 5. cxd5 Nbd7 6. d4 Nb6 7. Nc3 e6 8. e4 exd5 9. e5 Ne4 10. Nxd5 Nxd5 11.
Bxe4 Bb4+ 12. Kf1 Be6 13. Qg3 g6 14. Nf3 Be7 15. Bh6 Qd7 16. Kg2 c6 17. h4 O-O-O 18. Rhc1 Kb8 19. a3 Ka8 20. b4 f5 21.
Bd3 f4 22. Bxf4 Nxf4+ 23. Qxf4 Rhf8 24. Qe3 Bd5 25. Be2 Qg4+ 26. Kf1 Bxf3 0-1

[Event "*** Titled Tuesday Blitz"]
[Site "Chess.com"]
[Date "2020.01.07"]
[Round "5"]
[White "Federtiu"]
[Black "Bulldog167"]
[Result "1-0"]
[WhiteElo "2549"]
[BlackElo "2720"]
[TimeControl "180+2"]
[EndTime "14:06:21 PST"]
[Termination "Federtiu won by resignation"]

1. g3 e5 2. Bg2 Nc6 3. d3 g6 4. a3 Bg7 5. b4 d6 6. Bb2 Nf6 7. c4 O-O 8. Nc3 Be6 9. e4 a5 10. b5 Nd4 11. Nge2 Nxe2 12. Qxe2 Nd7 13. Na4 Nc5 14.
Qc2 Nxa4 15. Qxa4 f5 16. exf5 Bxf5 17. Rd1 Bg4 18. Bxb7 Bxd1 19. Qxd1 Rb8 20. Bd5+ Kh8 21. O-O Qg5 22. Bc1 Qf5 23. Be3 h5 24. Be4 Qf7 25.
Qa4 Kh7 26. Qxa5 Bh6 27. Bxh6 Kxh6 28. Qd2+ Kg7 29. Qg5 h4 30. Qxh4 Rh8 31. Qg4 Qe7 32. Qxg6+ Kf8 33. a4 Rg8 34. Qf5+ Ke8 35. a5 1-0

[Event "*** Titled Tuesday Blitz"]
[Site "Chess.com"]
[Date "2020.01.07"]
[Round "5"]
[White "IgorBjelobrk"]
[Black "Sebastian"]
[Result "0-1"]
[WhiteElo "2638"]
[BlackElo "2947"]
[TimeControl "180+2"]
[EndTime "14:06:22 PST"]
[Termination "Sebastian won by resignation"]

1. d4 Nf6 2. c4 e6 3. Nc3 d5 4.
Nf3 c5 5. cxd5 Nxd5 6. e4 Nxc3 7. bxc3 cxd4 8. cxd4 Bb4+ 9. Bd2 Bxd2+ 10. Qxd2 O-O 11. Bc4 Nd7 12. O-O b6 13. Rac1 Bb7 14. Qe3 Rc8 15.
Bb3 Rxc1 16. Rxc1 Nf6 17. Nd2 Qd7 18. f3 Rd8 19. Nf1 Qxd4 20. Rc7 Qxe3+ 21. Nxe3 Rd7 22. Rc3 Kf8 23. Ba4 Rd4 24. Bb5 a6 25. Rc7 axb5 26. Rxb7 Nd7 27. Nc2 Rd1+ 28. Kf2 Rd2+ 29. Kg3 Rxc2 30.
Rxd7 Rxa2 31. Rb7 Ra6 32. Kf4 b4 33. Ke3 Ra2 34. g4 Rxh2 35. Rxb6 Rb2 36. Rb7 g5 37.
Kd4 Rb3 38. Ke5 Rxf3 39. Rxb4 Kg7 0-1

[Event "*** Titled Tuesday Blitz"]
[Site "Chess.com"]
[Date "2020.01.07"]
[Round "5"]
[White "AminMolaei"]
[Black "pedromartinez91"]
[Result "1-0"]
[WhiteElo "2578"]
[BlackElo "2366"]
[TimeControl "180+2"]
[EndTime "14:06:24 PST"]
[Termination "AminMolaei won by checkmate"]

1. d4 f5 2. g4 fxg4 3. h3 g3 4. fxg3 c5 5. d5 Nf6 6. Bg2 d6 7. e4 g6 8. Ne2 Bg7 9. O-O O-O 10. Nbc3 e5 11. dxe6 Bxe6 12. e5 dxe5 13. Qxd8 Rxd8 14.
Bxb7 Nbd7 15. Bxa8 Rxa8 16. Kg2 Bf5 17. g4 Bxc2 18. Ng3 Bd3 19. Rf2 c4 20. Be3 a5 21.
g5 Nh5 22. Nxh5 gxh5 23. Rd1 Nf8 24. Nd5 Ng6 25. b3 Rd8 26. bxc4 e4 27. Nf6+ Kh8 28. Nxh5 Be5 29. c5 Nh4+ 30. Kh1 Nf3 31. c6 Rc8 32. Rxd3 exd3 33. Rxf3 h6 34. g6 Rxc6 35. Rf8# 1-0

[Event "*** Titled Tuesday Blitz"]
[Site "Chess.com"]
[Date "2020.01.07"]
[Round "5"]
[White "chigorin28"]
[Black "lucasran"]
[Result "1-0"]
[WhiteElo "2464"]
[BlackElo "2652"]
[TimeControl "180+2"]
[EndTime "14:06:25 PST"]
[Termination "chigorin28 won by resignation"]

1. e4 c6 2. d4 d5 3. e5 Bf5 4. Nc3 e6 5. g4 Bg6 6. h4 h5 7. g5 Ne7 8. Nf3 a6 9. Bd3 Bxd3 10. Qxd3 g6 11. O-O Nf5 12. Ne2 c5 13. c3 Nc6 14.
Ng3 c4 15. Qc2 Nce7 16. b3 b5 17. Ba3 Nxg3 18. Bxe7 Ne2+ 19. Qxe2 Bxe7 20. bxc4 bxc4 21. Rfb1 Rb8 22. Rxb8 Qxb8 23. Qc2 O-O 24. Rb1 Qc7 25. Qb2 Qa5 26. Kg2 Re8 27. Ng1 Ba3 28. Qc2 Kg7 29.
Ne2 Rc8 30. Rb7 Bf8 31. Nf4 Rc7 32. Rxc7 Qxc7 33. Qxg6+ Kh8 34. Qxh5+ Kg8 35. g6 fxg6 36. Qxg6+ Kh8 37. Nxe6 Qe7 38. Qf6+ 1-0

[Event "*** Titled Tuesday Blitz"]
[Site "Chess.com"]
[Date "2020.01.07"]
[Round "5"]
[White "Blagorod"]
[Black "semchik73"]
[Result "1-0"]
[WhiteElo "2107"]
[BlackElo "2306"]
[TimeControl "180+2"]
[EndTime "14:06:31 PST"]
[Termination "Blagorod won by resignation"]

1. e4 Nf6 2. e5 Nd5 3. Nc3 e6 4. Nf3 d6 5. exd6 Bxd6 6. Nxd5 exd5 7. Be2 O-O 8. O-O c5 9. d4 Nc6 10. Be3 c4 11. c3 Bf5 12. b3 b5 13. a4 a6 14. axb5 axb5 15. bxc4 bxc4 16. Qd2 Qb6 17. Bf4 Na5 18. Bxd6 Qxd6 19. Qg5 Bg6 20. Nh4 Nb3 21. Rxa8 Rxa8 22. Nxg6 hxg6 23. Bf3 Rd8 24. Re1 Qf6 25. Re5 Nd2 26. Qxd2 Ra8 27. Qe1 g5 28. g3 g6 29.
Re8+ Rxe8 30. Qxe8+ Kh7 31. Kg2 g4 32. Bxd5 Kg7 33.
Qe5 1-0

[Event "*** Titled Tuesday Blitz"]
[Site "Chess.com"]
[Date "2020.01.07"]
[Round "5"]
[White "Misi_95"]
[Black "FedaMaster"]
[Result "1-0"]
[WhiteElo "2714"]
[BlackElo "2466"]
[TimeControl "180+2"]
[EndTime "14:06:32 PST"]
[Termination "Misi_95 won on time"]

1. e4 d5 2. exd5 Qxd5 3. Nc3 Qd6 4. d4 Nf6 5. Nf3 a6 6. Be2 b5 7.
Ne5 Bb7 8. Bf3 c6 9. Bf4 Qd8 10. O-O e6 11. Re1 Be7 12. a4 b4 13. Ne2 Nd5 14. Bd2 Nd7 15. Nd3 a5 16. c4 bxc3 17. bxc3 Ba6 18. Qc2 Rc8 19. c4 Nb4 20. Nxb4 axb4 21.
Rab1 c5 22. d5 Ne5 23. dxe6 Nxf3+ 24. gxf3 O-O 25. Nf4 Bd6 26. Nd5 fxe6 27. Rxe6 Rxf3 28. Qe4 1-0

[Event "*** Titled Tuesday Blitz"]
[Site "Chess.com"]
[Date "2020.01.07"]
[Round "5"]
[White "temus_galaktionov"]
[Black "Supernotar"]
[Result "1-0"]
[WhiteElo "2744"]
[BlackElo "2547"]
[TimeControl "180+2"]
[EndTime "14:06:33 PST"]
[Termination "temus_galaktionov won by checkmate"]

1. d4 d5 2. Nf3 Nf6 3. c4 dxc4 4. e3 e6 5. Bxc4 a6 6. a4 c5 7. O-O Nc6 8. dxc5 Qxd1 9. Rxd1 Bxc5 10. Nbd2 b6 11.
b3 Bb7 12. Bb2 Ke7 13. Be2 Rhd8 14. h3 Rd7 15. Nc4 Rad8 16. Rxd7+ Rxd7 17. Kf1 h6 18.
Rc1 Rd8 19. Nd4 Nxd4 20. Bxd4 Bxd4 21. exd4 Rxd4 22. Nxb6 Rb4 23. Rc7+ Kd8 24. Rxb7 Rxb3 25. Bxa6 Rb1+ 26. Ke2 Rb2+ 27. Kd3 Rxf2 28. Bc4 Rxg2 29. a5 Rg3+ 30. Kd4 Ra3 31. a6 Ne8 32. Rd7# 1-0

[Event "*** Titled Tuesday Blitz"]
[Site "Chess.com"]
[Date "2020.01.07"]
[Round "5"]
[White "VincentKeymer"]
[Black "Hadza_3"]
[Result "1-0"]
[WhiteElo "2688"]
[BlackElo "2397"]
[TimeControl "180+2"]
[EndTime "14:07:04 PST"]
[Termination "VincentKeymer won by resignation"]

1. Nf3 Nf6 2. g3 g6 3. Bg2 Bg7 4. O-O d6 5. d4 c6 6. c4 O-O 7. Nc3 Qa5 8. e4 e5 9. h3 Nbd7 10. Be3 Re8 11. Re1 Nf8 12. d5 c5 13. a3 Qd8 14. b4 b6 15. Qd3 N6d7 16. Reb1 Ba6 17. Nd2 Qc7 18. Nb5 Bxb5 19. cxb5 Rac8 20.
Rc1 h6 21. Rc2 Nh7 22. Rac1 Qb7 23. h4 Nhf8 24. Bh3 Rc7 25. Kg2 Rb8 26. Nc4 cxb4 27.
Nxd6 Rxc2 28. Rxc2 Qa8 29. axb4 Rd8 30. Rc7 Nf6 31. Nxf7 Rc8 32. Rxc8 1-0

[Event "*** Titled Tuesday Blitz"]
[Site "Chess.com"]
[Date "2020.01.07"]
[Round "5"]
[White "Witik"]
[Black "LimeInTheCoconut"]
[Result "1-0"]
[WhiteElo "2671"]
[BlackElo "2451"]
[TimeControl "180+2"]
[EndTime "14:07:07 PST"]
[Termination "Witik won by resignation"]

1. e4 e5 2. Nf3 Nc6 3. Nc3 Nf6 4. Bb5 Bc5 5. Nxe5 Nxe5 6. d4 Bd6 7. f4 Nc6 8. e5 O-O 9. O-O a6 10.
Bc4 Bb4 11. exf6 Bxc3 12. bxc3 Qxf6 13. f5 Ne7 14. Qh5 h6 15. g4 Qc6 16. f6 Qxc4 17. Bxh6 Ng6 18. fxg7 Re8 19. Bg5 Kxg7 20. Bf6+ Kg8 21.
Qh6 1-0

[Event "*** Titled Tuesday Blitz"]
[Site "Chess.com"]
[Date "2020.01.07"]
[Round "5"]
[White "wild_cat99"]
[Black "mohssenbinaddi"]
[Result "1-0"]
[WhiteElo "2411"]
[BlackElo "2218"]
[TimeControl "180+2"]
[EndTime "14:07:07 PST"]
[Termination "wild_cat99 won on time"]

1. e4 c6 2. d4 d5 3. Nc3 dxe4 4. Nxe4 Bf5 5. Ng3 Bg6 6. Nf3 Nd7 7. h4 h6 8. h5 Bh7 9. Bd3 Bxd3 10. Qxd3 e6 11.
Bd2 Qc7 12. O-O-O O-O-O 13. Ne4 Ngf6 14. c4 Nxe4 15. Qxe4 Nf6 16. Qe2 c5 17. Rh4 cxd4 18.
Nxd4 Bc5 19. Bc3 Qb6 20. Kb1 Rd7 21. Nb3 1-0

[Event "*** Titled Tuesday Blitz"]
[Site "Chess.com"]
[Date "2020.01.07"]
[Round "5"]
[White "1e41-0"]
[Black "Walter_White_Poland"]
[Result "1-0"]
[WhiteElo "2539"]
[BlackElo "2252"]
[TimeControl "180+2"]
[EndTime "14:07:10 PST"]
[Termination "1e41-0 won by resignation"]

1. d4 Nf6 2. c4 e6 3. Nc3 d5 4. cxd5 exd5 5. Bg5 c6 6. e3 Be7 7. Bd3 O-O 8. Nge2 b5 9. O-O Nbd7 10. Ng3 b4 11.
Nce2 g6 12. Nf4 a5 13. Qe2 Re8 14. h4 Ne4 15. Bxe4 Bxg5 16. Nxd5 Bxh4 17. Qf3 cxd5 18.
Bxd5 Ra6 19. Bxf7+ Kg7 20. Bxe8 Qxe8 21. Rac1 Rf6 22.
Qe4 Qxe4 23. Nxe4 Rf8 24. Rc7 Kg8 25. Rfc1 Nb6 26. R1c6 Nd5 27. Rxc8 Rxc8 28. Rxc8+ Kf7 29. Rc5 1-0